 Dungeon Crawl Stone Soup version 0.17-a0-547-g5e20af8 (webtiles) character file.

1458 Baka the Covered (level 8, -2/51 HPs)
             Began as a Gargoyle Fighter on Apr 13, 2015.
             Killed by divine providence
             ... invoked by an orc priest
              (12 damage)
             ... on level 5 of the Dungeon.
             The game lasted 00:09:29 (4047 turns).

Baka the Covered (Gargoyle Fighter)                 Turns: 4047, Time: 00:09:30

Health: -2/51      AC: 24    Str: 19    XL:     8   Next: 76%
Magic:  0/8        EV:  3    Int: 10    God:
Gold:   178        SH: 14    Dex: 11    Spells: 0 memorised, 7 levels left

rFire  + . .     SeeInvis .     a - +0 flail
rCold  . . .     Clarity  .     r - +0 plate armour {rF+}
rNeg   + . .     SustAb   .     B - +0 large shield
rPois  ∞         Gourm    .     h - +0 helmet
rElec  +         Spirit   +     x - +1 cloak
rCorr  .         Warding  .     v - +0 pair of gloves
rMut   .         Stasis   .     y - +0 pair of boots
MR     .....                    A - amulet of guardian spirit
Stlth  ..........               (no ring)
                                (no ring)

@: about to teleport, not resistant to hostile enchantments, extremely
unstealthy
A: negative energy resistance 1, electricity resistance, unbreathing,
petrification resistance, rot immunity, AC +5
a: no special abilities


You were on level 5 of the Dungeon.
You were not hungry.

You visited 1 branch of the dungeon, and saw 7 of its levels.

You collected 178 gold pieces.

Inventory:

Hand weapons
 a - a +0 flail (weapon)
Armour
 h - a +0 helmet (worn)
 r - a +0 plate armour of fire resistance (worn)
 v - a +0 pair of gloves (worn)
 x - a +1 cloak (worn)
 y - a +0 pair of boots (worn)
 B - a +0 large shield (worn)
Jewellery
 g - an uncursed amulet of resist corrosion
 A - an amulet of guardian spirit (around neck)
Magical devices
 t - a wand of fireball (7)
 C - a wand of lightning (4)
Scrolls
 b - 2 scrolls of recharging {unknown}
 f - 4 scrolls of identify {unknown}
 i - 2 scrolls of enchant weapon {unknown}
 k - 2 scrolls of fear {unknown}
 l - 2 scrolls of remove curse
 n - a scroll of teleportation
 q - a scroll of noise
Potions
 c - a potion of heal wounds
 e - a potion of might
 j - 2 potions of curing {unknown}
 o - 2 potions of restore abilities {unknown}
 p - 2 potions of magic {unknown}
 s - 3 potions of poison {unknown}
 u - a potion of cure mutation {unknown}
 w - 2 potions of ambrosia {unknown}
 z - a potion of haste {unknown}
 D - 2 potions of agility {unknown}
 E - a potion of degeneration {unknown}
 F - 3 potions of berserk rage {unknown}
Comestibles
 d - 6 bread rations
 m - a meat ration


   Skills:
 + Level 5.8 Fighting
 + Level 5.5 Maces & Flails
 * Level 7.0 Armour
 * Level 3.1 Dodging
 + Level 5.3 Shields


You had 7 spell levels left.
You didn't know any spells.

Dungeon Overview and Level Annotations

Branches:
Dungeon (7/15)
 Temple: D:4-7

Altars:
Elyvilon
Makhleb
Xom
Zin

Annotations:
D:5 Prince Ribbit


Innate Abilities, Weirdness & Mutations

You are resistant to torment.
Your stone body is resilient (AC +5).
You are immune to poison.
You resist negative energy.
You are resistant to electric shocks.
You can survive without breathing.
You are immune to petrification.
You are immune to rotting.


Message History

As you read the scroll labeled TAHUIQUTZE, it crumbles to dust.
You hear a loud clanging noise!
It was a scroll of noise.
The orc wizard gestures wildly while chanting.
The orc wizard blinks!
Read which item? (? for menu, Esc to quit)
As you read the scroll labeled OLAMEA JEOGO, it crumbles to dust.
It is a scroll of enchant armour.
Enchant which item? (? for menu, Esc to quit)
Your +0 cloak glows green for a moment.
You block the orc's attack.
Read which item? (? for menu, Esc to quit)
As you read the scroll labeled HYIVUA FALIN, it crumbles to dust.
You feel strangely unstable.
It was a scroll of teleportation.
Prince Ribbit hits you!
* * * LOW HITPOINT WARNING * * *
The orc barely misses you.
You closely miss the orc. You block Prince Ribbit's attack.
The orc priest mumbles some strange prayers to Beogh against you.
Something smites you!
You die...

# ## #.## .# ####..####.#
....##.##.### #####...#...†..##
#...............###
#.###......F@.....#
#####.###......##oo...##
#..........o..####.....## ###
........>.....# ###.....###.#
..............###o..........####
...............#..........#..#.##
..###......................).....
. #..........o......##.........
#.......................#####


You could see Prince Ribbit, an orc priest, an orc wizard and an orc.

Vanquished Creatures
  Pikel (D:4)
  Grinder (D:5)
  Sigmund (D:4)
  A slave (D:4)
  An ice beast (D:7)
  A centaur (D:5)
  A scorpion (D:4)
  A crimson imp (D:5)
  2 hounds (D:4)
  A giant frog skeleton (D:4)
  An orc wizard (D:4)
  Terence (D:3)
  Natasha (thrice) (D:2)
  An iguana (D:4)
  10 adders
  A shadow imp (D:7)
  A worm (D:2)
  4 giant geckos (D:3)
  An ooze (D:2)
  8 orcs
  8 bats
  A bat skeleton (D:5)
  4 giant cockroaches
  8 hobgoblins
  10 jackals
  A ball python (D:3)
  4 giant newts
  9 goblins
  9 kobolds
  A quokka skeleton (D:4)
  12 rats
109 creatures vanquished.

Vanquished Creatures (others)
  A bat (D:4)
1 creature vanquished.

Grand Total: 110 creatures vanquished

Notes
Turn   | Place    | Note
--------------------------------------------------------------
     0 | D:1      | Baka, the Gargoyle Fighter, began the quest for the Orb.
     0 | D:1      | Reached XP level 1. HP: 14/14 MP: 1/1
   116 | D:1      | Reached XP level 2. HP: 16/19 MP: 2/2
   464 | D:1      | Reached XP level 3. HP: 24/24 MP: 3/3
   936 | D:2      | Noticed Natasha
   947 | D:2      | Killed Natasha
   947 | D:2      | Reached skill level 4 in Fighting
   947 | D:2      | Reached XP level 4. HP: 18/29 MP: 4/4
  1012 | D:2      | Noticed Natasha
  1015 | D:2      | Killed Natasha
  1306 | D:2      | Found a glowing silver altar of Zin.
  1321 | D:2      | Noticed Natasha
  1325 | D:2      | Killed Natasha
  1373 | D:2      | Found a shimmering altar of Xom.
  1396 | D:2      | Found a shimmering altar of Xom.
  1396 | D:2      | Found a shimmering altar of Xom.
  1397 | D:2      | Found a shimmering altar of Xom.
  1397 | D:2      | Found a shimmering altar of Xom.
  1398 | D:2      | Found a shimmering altar of Xom.
  1415 | D:2      | You fall through a shaft for 2 floors!
  1631 | D:4      | Reached XP level 5. HP: 9/34 MP: 5/5
  1907 | D:3      | Reached skill level 1 in Dodging
  2110 | D:3      | Noticed Terence
  2142 | D:3      | Killed Terence
  2699 | D:4      | Found a burning altar of Makhleb.
  2701 | D:4      | Found a white marble altar of Elyvilon.
  2713 | D:4      | Reached XP level 6. HP: 33/39 MP: 6/6
  2861 | D:4      | Noticed Sigmund
  2884 | D:4      | Reached skill level 5 in Armour
  2922 | D:4      | Killed Sigmund
  2922 | D:4      | Reached skill level 5 in Fighting
  2922 | D:4      | Reached XP level 7. HP: 16/44 MP: 5/7
  3433 | D:4      | Noticed a slave
  3434 | D:4      | Noticed Pikel
  3434 | D:4      | Noticed a slave
  3434 | D:4      | Noticed a slave
  3435 | D:4      | Noticed a slave
  3478 | D:4      | Killed Pikel
  3478 | D:4      | Reached skill level 5 in Maces & Flails
  3478 | D:4      | Reached skill level 6 in Armour
  3478 | D:4      | Reached skill level 5 in Shields
  3478 | D:4      | Reached XP level 8. HP: 25/50 MP: 5/8
  3502 | D:4      | Killed a freed slave
  3750 | D:5      | Entered Level 5 of the Dungeon
  3804 | D:5      | You fall through a shaft for 2 floors!
  3959 | D:5      | Noticed Grinder
  3972 | D:5      | Paralysed by Grinder for 6 turns
  3996 | D:5      | Paralysed by Grinder for 7 turns
  4008 | D:5      | Killed Grinder
  4008 | D:5      | Reached skill level 7 in Armour
  4014 | D:5      | Noticed Prince Ribbit
  4047 | D:5      | Killed from afar by an orc priest

Action                   |  1- 3 |  4- 6 |  7- 9 || total
-------------------------+-------+-------+-------++-------
Melee: Flail             |   132 |   303 |   174 ||   609
  Use: Potion            |       |     1 |     1 ||     2
       Scroll            |       |       |     4 ||     4
 Stab: Distracted        |       |       |     1 ||     1
  Eat: Meat ration       |       |     1 |     1 ||     2
       Chunk             |       |     1 |       ||     1
       Beef jerky        |       |     2 |       ||     2
